 Dungeon Crawl Stone Soup version 0.31-a0-889-g1a8549509d (webtiles) character file.

Game seed: 13717772144706733598

1020 Darius099 the Cleaver (level 8, 0/62 (64) HPs)
             Began as a Minotaur Fighter on Oct 16, 2023.
             Was a Believer of Okawaru.
             Slain by a wight
             ... wielding a +4 scimitar
              (1 damage)
             ... on level 6 of the Dungeon.
             The game lasted 00:12:21 (4387 turns).

Darius099 the Cleaver (Minotaur Fighter)            Turns: 4387, Time: 00:12:22

HP:   0/62 (64)     AC:  6    Str: 28    XL:     8   Next: 2%
MP:   7/7           EV:  9    Int:  5    God:    Okawaru [**....]
Gold: 249           SH:  0    Dex: 11    Spells: 7/7 levels left

rFire   + . .        a - +0 war axe
rCold   . . .        c - +0 buckler
rNeg    . . .        b - +0 scale mail
rPois   .            (helmet restricted)
rElec   .            u - scarf {repulsion}
rCorr   .            (no gloves)
SInv    .            (no boots)
Will    .....        i - amulet of regeneration Stlth
                     n - ring of protection from fire
HPRegen 1.10/turn    o - +6 ring of strength
MPRegen 0.10/turn

%: repel missiles
@: confused, ambrosia-drunk, lightly drained
A: horns 2, retaliatory headbutt
a: Renounce Religion, Heroism


You were on level 6 of the Dungeon.
You worshipped Okawaru.
Okawaru was pleased with you.
You visited 1 branch of the dungeon, and saw 6 of its levels.

You collected 249 gold pieces.

Inventory:

Hand Weapons
 a - a +0 war axe (weapon)
Missiles
 A - a throwing net
Armour
 b - a +0 scale mail (worn)
 c - a +0 buckler (worn)
 u - a scarf of repulsion (worn)
Jewellery
 i - an amulet of regeneration (around neck)
 n - a ring of protection from fire (left hand)
 o - a +6 ring of strength (right hand)
Wands
 s - a wand of roots (8)
 B - a wand of flame (20)
Scrolls
 e - 6 scrolls of identify {unknown}
 f - a scroll of immolation {unknown}
 h - a scroll of blinking {unknown}
 k - 3 scrolls of vulnerability {unknown}
 l - a scroll of amnesia {unknown}
 p - 2 scrolls of fear {unknown}
 q - 2 scrolls of noise {unknown}
 r - 2 scrolls of teleportation {unknown}
 y - a scroll of revelation {unknown}
 z - a scroll of poison {unknown}
Potions
 d - 2 potions of might
 g - a potion of magic {unknown}
 j - a potion of invisibility {unknown}
 m - 3 potions of ambrosia
 t - a potion of mutation {unknown}
 v - a potion of lignification {unknown}
 w - a potion of curing {unknown}
 x - a potion of degeneration {unknown}


   Skills:
 - Level 3.6 Fighting
 + Level 11.3 Axes
 - Level 3.6 Armour
 - Level 3.6 Shields


You had 7 spell levels left.
You didn't know any spells.
Your spell library contained the following spells:

 Spells                   Type           Power      Damage    Failure   Level
 Slow                     Hex            0%         N/A       80%         1
 Cigotuvi's Dreadful Rot  Necr/Pois/Air  0%         N/A       90%         2
 Confusing Touch          Hex            0%         N/A       99%         3
 Gell's Gravitas          Tloc           0%         N/A       99%         3
 Sigil of Binding         Hex            0%         N/A       99%         3
 Teleport Other           Tloc           0%         N/A       99%         3
 Vampiric Draining        Necr           0%         2d6       99%         3
 Dispel Undead            Necr           0%         3d6       100%        4
 Manifold Assault         Tloc           0%         N/A       100%        4
 Dispersal                Tloc           0%         N/A       100%        6
 Disjunction              Tloc           0%         N/A       100%        8
 Death Channel            Necr           Unusable   N/A       N/A         6

Dungeon Overview and Level Annotations

Branches:
Dungeon (6/15)             Temple (0/1) D:5

Altars:
Okawaru
Wu Jian

Shops:
D:2 (


Innate Abilities, Weirdness & Mutations

You have a pair of horns on your head.
You reflexively headbutt those who attack you in melee.


Message History

You furiously retaliate!
You headbutt the wight! You slash the wight!
You destroy the wight!
Okawaru accepts your kill.
You have reached level 8!
You feel agile.
You hit the wight. You headbutt the wight.
The wight is moderately damaged.
You barely miss the wight.
The wight is moderately damaged.
You block the wight's attack.
You hit the wight but do no damage.
The wight is moderately damaged.
You closely miss the wight. The wight hits you with a +4 scimitar!
You block the wight's attack.
You are too injured to fight recklessly!
You are too injured to fight recklessly!
You are too injured to fight recklessly!
The wight hits you with a +0 flail. The wight attacks as it pursues you!
The wight hits you with a +4 scimitar.
You hit the wight but do no damage. Your headbutt misses the wight.
The wight hits you with a +4 scimitar.
You hit the wight.
The wight is heavily damaged.
The wight hits you with a +4 scimitar!
* * * LOW HITPOINT WARNING * * *
You hit the wight.
The wight is severely damaged.
The wight hits you with a +4 scimitar!
* * * LOW HITPOINT WARNING * * *
You closely miss the wight.
You headbutt the wight, but do no damage.
The wight is severely damaged.
The wight hits you but does no damage.
It was a potion of ambrosia.
You are confused.
You feel invigorated. The wight hits you with a +4 scimitar!
* * * LOW HITPOINT WARNING * * *
You feel drained.
You die...

..#.#######
#.#<......# #
#.#.###.###.#
########.#.###.....#
............>.......
########.#..........
#............
#######.#########.
........zz@.......
#######.##########
#...........
#.##)######. .. #.#
#.. #.# #. #.# # #.#
...


You could see 2 wights.

Vanquished Creatures
  Eustachio (D:5)
  An ogre (D:4)
  2 phantoms
  2 scorpions
  A wight (D:6)
  3 hounds
  An orc priest (D:5)
  A gnoll bouda (D:5)
  3 iguanas
  A sleepcap (D:5)
  3 gnolls (D:5)
  6 adders
  4 worms
  21 orcs
  9 ball pythons
  9 bats
  10 endoplasms
  5 giant cockroaches
  8 goblins
  6 hobgoblins
  6 jackals
  5 quokkas
  4 frilled lizards
  11 kobolds
  4 rats
127 creatures vanquished.

Notes
Turn   | Place    | Note
-------+----------+-------------------------------------------
     0 | D:1      | Darius099 the Minotaur Fighter began the quest for the Orb.
     0 | D:1      | Reached XP level 1. HP: 19/19 MP: 0/0
    50 | D:1      | Reached skill level 3 in Axes
   110 | D:1      | Reached XP level 2. HP: 16/26 MP: 1/1
   275 | D:1      | Reached skill level 4 in Axes
   527 | D:1      | Reached XP level 3. HP: 31/31 MP: 2/2
  1022 | D:2      | Found an ornate altar of the Wu Jian Council.
  1204 | D:2      | Reached skill level 5 in Axes
  1547 | D:2      | Found Vanodemo's Antique Weapon Boutique.
  1873 | D:3      | Reached XP level 4. HP: 39/39 MP: 3/3
  1950 | D:3      | Noticed a scorpion
  1954 | D:3      | Killed a scorpion
  1955 | D:3      | Reached skill level 6 in Axes
  1991 | D:3      | Reached XP level 5. HP: 45/45 MP: 4/4
  2097 | D:3      | Found an iron altar of Okawaru.
  2269 | D:3      | Became a worshipper of Warmaster Okawaru
  2897 | D:4      | Reached skill level 7 in Axes
  2958 | D:4      | Noticed an ogre
  2965 | D:4      | Killed an ogre
  2966 | D:4      | Reached XP level 6. HP: 28/51 MP: 5/5
  3337 | D:4      | Reached skill level 8 in Axes
  3688 | D:5      | Entered Level 5 of the Dungeon
  3870 | D:5      | Reached * piety under Okawaru
  3934 | D:5      | Found a staircase to the Ecumenical Temple.
  3958 | D:5      | Reached skill level 9 in Axes
  3984 | D:5      | Reached XP level 7. HP: 38/57 MP: 6/6
  4043 | D:5      | Noticed Eustachio
  4066 | D:5      | Killed Eustachio
  4067 | D:5      | Reached skill level 10 in Axes
  4084 | D:5      | Reached ** piety under Okawaru
  4116 | D:5      | Identified the +6 short sword "Jajuu" {elec, rPois rF+
                  | Stlth+}
  4363 | D:6      | Reached skill level 11 in Axes
  4376 | D:6      | Reached XP level 8. HP: 43/63 MP: 7/7
  4385 | D:6      | HP: 2/63 [wight/+4 scimitar (14)]
  4387 | D:6      | Slain by a wight

Illustrated notes

Levels and vault maps discovered:
D:1:      shiori_arrival_whats_in_store_for_you, layout_basic, st_stairs_14
D:2:      layout_basic, serial_shops, shop, basic_altar, st_stairs_7,
          nicolae_titane
D:3:      layout_basic, okawaru_metal_pillars_1_2, serial_rivers,
          chequers_serial_rivers_micro_e, chequers_serial_rivers_small_a,
          chequers_serial_rivers_marsh, chequers_serial_rivers_room_a,
          chequers_serial_rivers_large_b, minmay_gold_behind_fungi
D:4:      layout_gridville, dk_noncrumbling_4, kennysheep_cross_room
D:5:      nicolae_cairo_tiling_large, layout_rooms, minmay_temple_entry_trees,
          minmay_statues_item, grunt_ministairs_13, uniq_eustachio
D:6:      layout_basic, cheibrodos_worm_habitat, general_overflow_altar,
          uniq_blork_the_orc

Skill      XL: |  1  2  3  4  5  6  7 |
---------------+----------------------+-----
Axes           | 3 4 5 6 7 9 11 | 11.3
Fighting       | |  3.6
Armour         | |  3.6
Shields        | |  3.6

Action                     |  1- 3 |  4- 6 |  7- 9 || total
---------------------------+-------+-------+-------++-------
  Melee: War axe           |   108 |   108 |    69 ||   285
         Headbutt          |    15 |    18 |     9 ||    42
    Use: Potion            |       |       |     1 ||     1
 Armour: Scale mail        |    65 |    58 |    44 ||   167
  Dodge: Dodged            |    61 |    49 |    22 ||   132
  Block: Buckler           |    22 |    23 |    14 ||    59

Table legend: (Time is in decaauts)
 A = Elapsed time spent in this place.
 B = Non-inter-level travel time spent in this place.
 C = Inter-level travel time spent in this place.
 D = Time resting spent in this place.
 E = Time spent auto-exploring this place.
 F = Levels seen in this place.
 G = Mean time per level.
                   A        B        C        D        E       F      G
               +--------+--------+--------+--------+--------+-----+--------+
         Total |   4518 |   4165 |    353 |    188 |   2886 |   6 |  753.0 |
       Dungeon |   4518 |   4165 |    353 |    188 |   2886 |   6 |  753.0 |
               +--------+--------+--------+--------+--------+-----+--------+

Top non-repeatable levels by time:
     D:3: 1229 daAuts
     D:1: 1024 daAuts
     D:4: 899 daAuts
     D:5: 664 daAuts
     D:2: 661 daAuts
     D:6: 38 daAuts
